 Dungeon Crawl Stone Soup version 0.17-a0-2027-gcac42c4 (webtiles) character file.

221 kae the Archer (level 5, -2/34 HPs)
             Began as a High Elf Hunter on Oct 10, 2015.
             Slain by an orc (5 damage)
             ... on level 4 of the Dungeon.
             The game lasted 00:04:11 (4384 turns).

kae the Archer (High Elf Hunter)                    Turns: 4384, Time: 00:04:11

Health: -2/34      AC:  3    Str: 13      XL:     5   Next: 65%
Magic:  6/6        EV: 12    Int: 17 (19) God:
Gold:   251        SH:  0    Dex: 17      Spells: 0 memorised, 4 levels left

rFire  . . .     SeeInvis .     b - +0 short sword
rCold  . . .     Clarity  .     d - +0 leather armour
rNeg   . . .     SustAt   .     (no shield)
rPois  .         Gourm    .     (no helmet)
rElec  .         Spirit   .     (no cloak)
rCorr  .         Warding  .     (no gloves)
rMut   .         Stasis   .     (no boots)
MR     .....                    (no amulet)
Stlth  ++........               (no ring)
                                (no ring)

@: brilliant, not resistant to hostile enchantments, unstealthy
A: strong 1
a: no special abilities


You were on level 4 of the Dungeon.
You were hungry.

You visited 1 branch of the dungeon, and saw 4 of its levels.

You collected 251 gold pieces.

Inventory:

Hand Weapons
 a - a +1 shortbow
 b - a +0 short sword (weapon)
Missiles
 c - 17 arrows
 n - 17 arrows of flame
Armour
 d - a +0 leather armour (worn)
Jewellery
 r - a +2 ring of strength {unknown}
Wands
 w - a wand of digging (12)
Scrolls
 f - 2 scrolls of teleportation {unknown}
 h - 6 scrolls of identify {unknown}
 v - a scroll of immolation {unknown}
 x - a scroll of recharging {unknown}
 y - a scroll of fog {unknown}
 B - a scroll of amnesia {unknown}
Potions
 g - 2 potions of lignification
 i - a potion of resistance
 m - a potion of flight
 o - a potion of cancellation {unknown}
 s - a potion of might {unknown}
 t - a potion of agility {unknown}
 u - a potion of magic {unknown}
 A - a potion of heal wounds {unknown}
Comestibles
 e - 3 bread rations
 k - 4 meat rations
 q - 2 slices of pizza
 C - 2 beef jerkies


   Skills:
 - Level 2.0 Fighting
 + Level 9.2 Bows
 - Level 2.1 Dodging
 - Level 1.1 Stealth


You had 4 spell levels left.
You didn't know any spells.

Dungeon Overview and Level Annotations

Branches:
Dungeon (4/15)
 Temple: D:4-7

Altars:
Qazlal


Innate Abilities, Weirdness & Mutations

Your muscles are strong. (Str +2)


Message History

The orc closely misses you.
You hit the orc.
The orc is heavily wounded.
The orc hits you from afar with a trident!
You barely miss the orc.
The orc is heavily wounded.
The orc hits you from afar with a trident!
The orc hits you.
* * * LOW HITPOINT WARNING * * *
The orc wizard gestures at you while chanting.
The puff of frost hits you!
* * * LOW HITPOINT WARNING * * *
The orc wizard casts a cantrip, but nothing happens.
Things that are here:
a giant club; an ogre skeleton Drink which item? (? for menu, Esc to quit)
It was a potion of brilliance.
You feel clever all of a sudden. The orc hits you.
You die...

##### #.#.# #.#.###
####################.#....
#.o.o..oo@.............###
#.##################.....#
#.# ####### #)# #o#
#o###### #o.....#
#......#####.##
#...).o#.......


You could see an orc wizard and 3 orcs.

Vanquished Creatures
  An ogre (D:4)
  4 adders
  2 gnolls (D:4)
  2 worms
  6 orcs
  A ball python (D:3)
  9 bats
  3 giant cockroaches
  15 goblins
  7 hobgoblins
  8 kobolds
  7 giant newts
  A quokka skeleton (D:4)
  6 rats
72 creatures vanquished.

Notes
Turn   | Place    | Note
--------------------------------------------------------------
     0 | D:1      | kae the High Elf Hunter began the quest for the Orb.
     0 | D:1      | Reached XP level 1. HP: 14/14 MP: 2/2
   475 | D:1      | Reached XP level 2. HP: 19/19 MP: 3/3
   487 | D:1      | Reached skill level 6 in Bows
  1466 | D:2      | Reached XP level 3. HP: 18/24 MP: 4/4
  2096 | D:3      | Reached skill level 7 in Bows
  2626 | D:3      | Found a stormy altar of Qazlal.
  2641 | D:3      | Reached XP level 4. HP: 25/29 MP: 5/5
  3642 | D:4      | Reached skill level 8 in Bows
  3999 | D:4      | Noticed an ogre
  4019 | D:4      | Gained mutation: Your muscles are strong. (Str +2) [potion of beneficial mutation]
  4019 | D:4      | HP: 2/43 [poisoned by an adder]
  4024 | D:4      | Killed an ogre
  4024 | D:4      | Reached skill level 9 in Bows
  4024 | D:4      | Reached XP level 5. HP: 9/34 MP: 6/6
  4370 | D:4      | HP: 1/34 [orc wizard/puff of frost (5)]
  4384 | D:4      | Slain by an orc

Vault maps used:
D:1:      lemuel_arrival_cross, grunt_decor_arrowhead
D:2:      serial_glass, glass_columns_a, glass_columns_a
D:3:      old_standard_altar
D:4:      temple_fountains, gup_sewer_entry_spiral

Action                   |  1- 3 |  4- 6 || total
-------------------------+-------+-------++-------
Melee: Short sword       |   199 |    46 ||   245
 Fire: Shortbow          |     9 |    60 ||    69
  Use: Potion            |       |     7 ||     7
 Stab: Sleeping          |     5 |     1 ||     6
  Eat: Chunk             |     6 |     4 ||    10
